 Dungeon Crawl Stone Soup version 0.27.1 (webtiles) character file.

Game seed: 18404550946147237965

155 Destapler the Skirmisher (level 5, -6/53 HPs)
             Began as a Troll Abyssal Knight on Aug 30, 2021.
             Was a Believer of Lugonu.
             Mangled by a gnoll (9 damage)
             ... on level 3 of the Dungeon.
             The game lasted 00:03:12 (2391 turns).

Destapler the Skirmisher (Troll Abyssal Knight)     Turns: 2391, Time: 00:03:13

Health: -6/53      AC:  4    Str: 21    XL:     5   Next: 14%
Magic:  5/6        EV: 10    Int:  8    God:    Lugonu [**....]
Gold:   76         SH:  0    Dex:  9    Spells: 4/4 levels left

rFire    . . .     SeeInvis .   a - +1 mace
rCold    . . .     Faith    .   (no shield)
rNeg     . . .     Spirit   .   b - +0 robe
rPois    .         Reflect  .   (helmet restricted)
rElec    .         Harm     .   (no cloak)
rCorr    .         Rampage  .   (gloves unavailable)
Will     .....                  (boots unavailable)
Stlth    +.........             (no amulet)
HPRegen  1.17/turn              (no ring)
MPRegen  0.10/turn              (no ring)

@: no status effects
A: large, unfitting armour, claws 3, regeneration 1, shaggy fur 1, tough skin 1
a: Renounce Religion, Depart the Abyss, Bend Space


You were on level 3 of the Dungeon.
You worshipped Lugonu.
Lugonu was pleased with you.
You visited 1 branch of the dungeon, and saw 3 of its levels.
You visited the Abyss 1 time.

You collected 76 gold pieces.

Inventory:

Hand Weapons
 a - a +1 mace (weapon)
Missiles
 h - 18 poisoned darts (quivered)
Armour
 b - a +0 robe (worn)
Scrolls
 e - 2 scrolls of enchant armour {unknown}
 f - 2 scrolls of identify {unknown}
 i - 2 scrolls of enchant weapon {unknown}
 j - a scroll of amnesia {unknown}
 k - a scroll of teleportation {unknown}
Potions
 c - a potion of resistance {unknown}
 d - a potion of flight {unknown}
 g - a potion of heal wounds {unknown}
 l - 3 potions of curing {unknown}
 m - a potion of haste {unknown}


   Skills:
 + Level 3.2 Fighting
 + Level 2.9 Maces & Flails
 + Level 2.8 Dodging
 + Level 2.6 Invocations


You had 4 spell levels left.
You didn't know any spells.
Your spell library was empty.

Dungeon Overview and Level Annotations

Branches:
Dungeon (3/15)

Altars:

Shops:
D:3 :


Innate Abilities, Weirdness & Mutations

You are too large for most types of armour.
You have claws for hands.
Your natural rate of healing is unusually fast.
You are covered in fur. (AC +1)
You have tough skin. (AC +1)


Message History

You throw a poisoned dart. The poisoned dart hits the gnoll.
The gnoll is poisoned.
You throw a poisoned dart. The poisoned dart hits the gnoll.
The gnoll is lightly wounded.
You throw a poisoned dart. The poisoned dart hits the gnoll.
The gnoll is lightly wounded.
The gnoll hits you with a +0 flail!
You throw a poisoned dart. The poisoned dart hits the gnoll.
The gnoll is lightly wounded.
The gnoll barely misses you.
You throw a poisoned dart.
The poisoned dart barely misses the gnoll. x2
The poisoned dart closely misses the gnoll.
The gnoll misses you.
You throw a poisoned dart. The poisoned dart hits the gnoll.
The gnoll looks even sicker.
The gnoll is lightly wounded.
The gnoll hits you from afar with a +0 halberd!
The gnoll hits you with a +0 flail.
You sock the gnoll!
The gnoll is almost dead.
You kill the gnoll!
Lugonu accepts your kill.
The gnoll hits you from afar with a +0 halberd.
The gnoll hits you from afar with a +0 halberd.
The gnoll barely misses you.
Things that are here:
a +0 flail; 3 poisoned darts You hit the gnoll.
The gnoll is heavily wounded.
The gnoll hits you from afar with a +0 halberd!
The gnoll hits you with a +0 halberd!
* * * LOW HITPOINT WARNING * * *
The gnoll barely misses you.
You closely miss the gnoll.
The gnoll is heavily wounded.
The gnoll hits you with a +0 halberd!
* * * LOW HITPOINT WARNING * * *
The gnoll hits you from afar with a +0 halberd!
You die...

### $(# #.# #.# #g#
#g# .# #@# #.###.#
#.#...# #.#.###
############.#.#
............>#.#
###..........#.# #
#.######...#.########
# #.# #............#


You could see 2 gnolls.

Vanquished Creatures
  5 adders
  5 gnolls (D:3)
  A worm (D:3)
  2 dart slugs
  An orc (D:3)
  8 bats
  4 endoplasms
  2 goblins
  6 hobgoblins
  5 quokkas
  8 ball pythons
  2 frilled lizards (D:1)
  3 kobolds
  6 rats
58 creatures vanquished.

Notes
Turn   | Place    | Note
-------+----------+-------------------------------------------
     0 | Abyss:1  | Destapler the Troll Abyssal Knight began the quest for the
                  | Orb.
     0 | Abyss:1  | Reached XP level 1. HP: 22/22 MP: 1/1
    72 | Abyss:1  | Noticed a worldbinder
    72 | Abyss:1  | Noticed a worldbinder
    74 | Abyss:1  | Noticed an ironbound preserver
    76 | Abyss:1  | Noticed a yaktaur
   100 | Abyss:2  | Noticed a small abomination
   130 | Abyss:2  | Noticed a tormentor
   131 | D:1      | Escaped the Abyss
   323 | D:1      | Reached * piety under Lugonu
   327 | D:1      | Reached XP level 2. HP: 29/29 MP: 2/2
   867 | D:2      | Reached XP level 3. HP: 36/36 MP: 3/3
  1410 | D:2      | Reached XP level 4. HP: 37/44 MP: 4/4
  1716 | D:3      | Found a faded altar of an unknown god.
  1803 | D:3      | Reached skill level 3 in Fighting
  1845 | D:3      | Found Cuanomir's Book Shop.
  2049 | D:3      | Reached ** piety under Lugonu
  2050 | D:3      | Reached XP level 5. HP: 25/53 MP: 5/5
  2391 | D:3      | Mangled by a gnoll

Illustrated notes

Levels and vault maps discovered:
D:1:      beargit_arrival_diablo_church, layout_basic,
          hangedman_abyss_or_decor_lesser_grid, minmay_misc_feat_diagonals
D:2:      layout_loops_corners, chequers_serial_rivers_small_3
D:3:      layout_basic, ebering_ecumenical_altar_abandoned, serial_shops, shop,
          kennysheep_cluttered_room

Skill      XL: |  1  2  3  4 |
---------------+-------------+-----
Dodging        | 2 |  2.8
Maces & Flails | 2 |  2.9
Invocations    | 2 |  2.6
Fighting       | 3 |  3.2

Action                   |  1- 3 |  4- 6 || total
-------------------------+-------+-------++-------
Melee: Mace              |   113 |    80 ||   193
Throw: Dart              |       |    24 ||    24
Invok: Depart the Abyss  |     1 |       ||     1
 Stab: Sleeping          |     2 |       ||     2
Armor: Robe              |    63 |    26 ||    89
Dodge: Dodged            |    86 |    60 ||   146
